AoeStats
← renesampaio

Arabia

510168424Analyzed
1v1 RM · 3d ago on Sep 29, 2026· 45m 9s· 2 players
Game mode
Random Map
Map size
Tiny (2 player)
Population
200
Speed
Normal
Resources
Standard
Victory
Conquest
Starting age
Dark Age
Ending age
Imperial Age
RankedLock teamsTeams togetherTeam positionsShared explorationLock speedFull tech treeHidden civsTurbo modeCheats
Victory
Defeat
🇧🇷 Goths · Brazil
926
+16
🇩🇪 Magyars · Germany
927
-16
renesampaio
4:57 Loom
11:28 Feudal Age
12:07 Double-Bit Axe
18:08 Castle Age
17:52 Horse Collar
18:27 Gold Mining
19:08 Bow Saw
19:36 Wheelbarrow
21:59 Stone Mining
29:23 Imperial Age
27:03 Heavy Plow
27:40 Stone Shaft Mining
28:14 Hand Cart
28:12 Man-at-Arms
28:19 Pikeman
29:00 Squires
29:30 Forging
31:13 Chemistry
33:58 Two-Man Saw
33:10 Husbandry
35:03 Murder Holes
34:49 Treadmill Crane
36:17 Scale Barding Armor
36:43 Crop Rotation
37:34 Ballistics
37:17 Scale Mail Armor
39:06 Cavalier
41:25 Chain Barding Armor
41:21 Chain Mail Armor
41:07 Padded Archer Armor
40:57 Fletching
40:44 Cavalier
42:01 Iron Casting
45:00 Bodkin Arrow
45:21 Leather Archer Armor
JcUp
7:04 Loom
10:01 Feudal Age
11:23 Double-Bit Axe
21:09 Castle Age
18:54 Horse Collar
20:07 Gold Mining
23:00 Wheelbarrow
22:58 Stone Mining
23:20 Town Watch
23:51 Bow Saw
23:51 Fletching
24:02 Padded Archer Armor
26:00 Gold Shaft Mining
27:01 Heavy Plow
28:01 Bodkin Arrow
32:07 Hand Cart
33:37 Ballistics
34:19 Murder Holes
36:57 Imperial Age
35:45 Pikeman
36:59 Leather Archer Armor
38:07 Halberdier
38:54 Scale Mail Armor
40:58 Bracer
41:24 Conscription
41:50 Parthian Tactics
41:33 Thumb Ring
43:41 Chain Mail Armor
43:56 Ring Archer Armor
Connection lost

Rejoining the realm…

Still unreachable

The connection could not be restored.

Session expired

The server has moved on; the page needs a fresh start.